Schmensch, lawful female human Priestess --- ---- . .. -----.- -..- |...|. +.. |.. |. .. ... -|------|.. |.. |.|..|..|.. | -|---.|(.|..|.. + -|--..{..-[-|..|.------ |)........%.).-|--.-....| --+--n----|--.....%|.._.| |G+ |..|--|--------- |@| |[%| ... |.- |)+|)))[| -..{ --------- ..... ------- Schmensch the Priestess Experience level: 7 Strength: 11 Dexterity: 9 Constitution: 17 Intelligence: 19 Wisdom: 9 Charisma: 14 Health: 0(51) Energy: 65(68) Def: 3 Gold: 0 Moves: 6847 Dungeon seed [set]: Game ID: Schmensch_1676210823 Your Inventory: Weapons p - 2 blessed +2 daggers named Dagger of Torment B - a blessed +1 mace (weapon in hand) Comestibles j - 2 uncursed food rations Scrolls u - 2 uncursed scrolls of scare monster v - an uncursed scroll of enchant weapon x - an uncursed scroll of charging T - an uncursed scroll of teleportation Spellbooks h - an uncursed spellbook of cure blindness Potions b - 3 potions of holy water S - 4 uncursed potions of water Wands f - an uncursed wand of cancellation (0:1) F - an uncursed wand of magic missile (0:6) Tools a - an uncursed brass key m - an uncursed leash t - an uncursed sack J - an uncursed blindfold Gems r - 2 uncursed jades Y - an uncursed garnet Spells and supernatural/magical abilities: Name Level Category Fail Memory n - detect monsters 1 divination 0% 66% p - protection 1 clerical 0% 66% B - cure blindness 2 healing 37% 66% W - pray for help -- divine ? -- X - turn undead -- divine ? -- Your skills at the end: Miscellaneous Skills shield [Basic] wands [Basic] stealth [Expert] Weapon Skills mace [Basic] Spellcasting Skills clerical spells [Basic] Final Attributes: You were devoutly aligned. You were poison resistant. Your writing hand was ok. You were telepathic. You were very stealthy. You were protected. You are dead. Vanquished creatures: 2 giant beetles a gnome king a gnome mummy 4 human zombies a wood nymph a rock piercer 2 fog clouds a violet fungus 6 gnome lords 3 gnomish wizards 2 elf zombies a puppy 3 floating eyes 2 kittens a dwarf 2 homunculi a kobold lord a kobold shaman 2 iguanas a centipede a jitterbug 2 giant bats 4 monkeys a werejackal a coyote 2 gas spores an acid blob a large kobold a gecko 2 hobgoblins a cave spider 3 yellow molds 22 gnomes 3 garter snakes 9 jackals 2 kobolds 6 newts 2 goblins 11 grid bugs 3 lichens 116 creatures vanquished. Voluntary challenges: You did not cause conflict. You were not invisible. You did not have reflection. You were not displaced. You had been an atheist until turn 2643. You did not donate to any temples.. You used a wielded weapon 173 times, starting on turn 110. You did not use tools. You did not use plumbed fixtures. You read items or engraved 1 time, starting on turn 4821. You never genocided any monsters. You never polymorphed an object. You never changed form. You used no wishes. You did not use any artifacts. You never split a pudding. You wrote Elbereth's name 1 time, starting on turn 4821. You never violated your personal moral code. Dungeon overview: The Dungeons of Doom: levels 1 to 6 Level 1 a vault, a fountain a long staircase Level 2 a fountain stairs to The Gnomish Mines Level 3 a vault, an altar to Athena Level 4 some fountains Level 5 some fountains Level 6 a potion shop, some fountains The Gnomish Mines: levels 3 to 6 Level 3 stairs to The Dungeons of Doom Level 4 Level 5 Level 6 <- You were here some shops, a temple to Athena, a magic chest, some fountains, a sink History has recorded: On T:1 you entered the Dungeons of Doom to retrieve the Amulet of Yendor! On T:390 you reached level 2 of The Dungeons of Doom. On T:424 you advanced to experience level 2. On T:830 you reached level 3 of The Dungeons of Doom. On T:906 you advanced to experience level 3. On T:1351 you reached level 4 of The Dungeons of Doom. On T:1756 you advanced to experience level 4. On T:1772 you reached level 5 of The Dungeons of Doom. On T:2434 you reached level 6 of The Dungeons of Doom. On T:2642 you advanced to experience level 5. On T:2661 you became devout. On T:4614 you reached level 1 of The Gnomish Mines. On T:4653 you advanced to experience level 6. On T:6233 you reached level 2 of The Gnomish Mines. On T:6471 you reached level 3 of The Gnomish Mines. On T:6612 you reached level 4 of The Gnomish Mines. On T:6683 you opened a magic chest. On T:6760 you advanced to experience level 7. On T:6789 you entered the Minetown temple Score breakdown: Gold: 0 ( 0 points) Experience: 7 levels ( 600 points) Exploration: 6 levels ( 150 points) Discoveries: 21 items ( 1050 points) Variety of kills: 40 monsters ( 2000 points) Major goal: reached Minetown ( 500 points) Survival: died (score multiplied by 3) Total score: 12900 Latest messages: You hit the monkey! The monkey claws you! The monkey tries to snatch your jades but gives up. You hit the monkey. You hear crashing rock. You have no ammunition readied! Never mind. The wand of cancellation misses the monkey. You have no ammunition readied! Never mind. Never mind. f - an uncursed wand of cancellation (0:1). The air around you begins to shimmer with a golden haze. The gnome king punches you! You hit the gnome king. The gnome king punches you! You hit the gnome king. The gnome king punches you! You die... The sack is empty. The sack is empty. Final status: Goodbye Schmensch the Priestess, killed by a gnome king... You died in The Gnomish Mines on dungeon level 6 with 12900 points, and 0 pieces of gold, after 6847 moves. You were level 7 with a maximum of 51 hit points when you died.